 Dungeon Crawl Stone Soup version 0.24.0-13-gcf9b3192b9 (webtiles) character file.

Game seed: 4965801492676316222, levelgen mode: deterministic

268 Gumption the Gusty (level 6, 0/45 HPs)
             Began as a Draconian Air Elementalist on Nov 8, 2019.
             Was a Follower of Yredelemnul.
             Slain by Edmund
             ... wielding a +4 flail of draining
              (6 damage)
             ... on level 3 of the Dungeon.
             The game lasted 00:44:54 (6677 turns).

Gumption the Gusty (Draconian Air Elementalist)     Turns: 6677, Time: 00:44:54

Health: 0/45       AC:  7    Str: 10    XL:     6   Next: 0%
Magic:  0/10       EV: 10    Int: 17    God:    Yredelemnul [*.....]
Gold:   129        SH:  3    Dex: 12    Spells: 4/11 levels left

rFire    . . .     SeeInvis .   a - +0 short sword (elec)
rCold    . . .     Gourm    .   t - +0 buckler
rNeg     . . .     Faith    .   (armour unavailable)
rPois    .         Spirit   .   (helmet restricted)
rElec    .         Reflect  .   (no cloak)
rCorr    .         Harm     .   q - +0 pair of gloves
MR       .....                  (no boots)
Stlth    +.........             (no amulet)
HPRegen  0.15/turn              (no ring)
MPRegen  0.12/turn              (no ring)

@: swift, heavily drained, quick
A: unfitting armour, cold-blooded, AC +6
a: Animate Remains, Renounce Religion


You were on level 3 of the Dungeon.
You worshipped Yredelemnul.
Yredelemnul was aware of your devotion.
You were not hungry.

You visited 1 branch of the dungeon, and saw 4 of its levels.

You collected 129 gold pieces.

Inventory:

Hand Weapons
 a - a +0 short sword of electrocution (weapon)
Missiles
 e - 142 stones
 f - 3 javelins
 h - 16 poisoned darts
 r - 4 boomerangs (quivered)
Armour
 q - a +0 pair of gloves (worn)
 t - a +0 buckler (worn)
Scrolls
 c - 3 scrolls of teleportation {unknown}
 g - 2 scrolls of magic mapping {unknown}
 k - a scroll of fog {unknown}
 l - a scroll of amnesia {unknown}
 p - a scroll of immolation {unknown}
 s - a scroll of enchant weapon {unknown}
 u - a scroll of enchant armour {unknown}
Potions
 d - a potion of degeneration {unknown}
 i - 2 potions of curing {unknown}
 j - 3 potions of flight {unknown}
 m - 2 potions of resistance {unknown}
 n - 2 potions of brilliance {unknown}
 o - 2 potions of cancellation {unknown}
 v - a potion of berserk rage
Comestibles
 b - 2 rations


   Skills:
 - Level 1.7(0.0) Dodging
 - Level 1.7(0.0) Stealth
 * Level 1.4(0.0) Shields
 + Level 3.0(1.1) Spellcasting
 * Level 3.6(1.7) Conjurations
 * Level 4.6(2.7) Air Magic


You had 4 spell levels left.
You knew the following spells:

 Your Spells              Type           Power        Failure   Level  Hunger
a - Shock                 Conj/Air       #...         14%         1    ##.....
b - Swiftness             Chrm/Air       #.......     30%         2    ###....
c - Airstrike             Air            ##........   75%         4    #####..

Your spell library contained the following spells:

 Spells                   Type           Power        Failure   Level  Hunger
 Static Discharge         Conj/Air       #.......     41%         3    ####...
 Lightning Bolt           Conj/Air       #.........   99%         5    ######.


Dungeon Overview and Level Annotations

Branches:
Dungeon (4/15)
 Temple: D:4-7

Altars:
Fedhas
Gozag
Makhleb
Trog
Wu Jian
Xom
Yredelemnul
Zin

Annotations:
D:3 Edmund


Innate Abilities, Weirdness & Mutations

Your plain brown scales are hard. (AC +6)
You cannot fit into any form of body armour.
You are cold-blooded and may be slowed by cold attacks.


Message History

Casting: Shock (safe; 11% risk of failure)
Confirm with . or Enter, or press ? or * to list all spells.
Aiming: Shock (safe; 11% risk of failure)
Press: ? - help, Shift-Dir - straight line The zap hits Edmund.
Edmund is heavily wounded.
The zap misses Edmund.
Edmund hits you with a +4 flail of draining.
You feel drained.
Edmund hits you with a +4 flail of draining!
* * * LOW HITPOINT WARNING * * *
You feel drained.
* * * LOW HITPOINT WARNING * * *
Okay, then.
Casting: Shock (safe; 14% risk of failure)
Confirm with . or Enter, or press ? or * to list all spells.
You feel quick.
Edmund hits you with a +4 flail of draining.
You die...
Your body rises from the dead as a mindless zombie.

.#.######.##########
.#.................#
#########Z#######.##
........#.# #.#
#######.#.#######.#
......#.#...Z.....#
#####รท#.########..#
......#.# #..#
...)..#.########@.#
#####.#.........@.#
......#.########.###
........>..........#
........############
#######.#..........#
..#####.#.#######.##
......#............#
.####.###.##########


You could see Edmund (berserk).

Vanquished Creatures
  2 iron imps (D:3)
  Jessica (D:3)
  Terence (D:2)
  Robin (D:2)
  4 adders
  An ooze (D:1)
  2 worms (D:2)
  3 leopard geckos
  5 orcs (D:3)
  4 giant cockroaches
  11 goblins
  10 hobgoblins
  3 quokkas
  A ball python (D:1)
  4 bats
  2 frilled lizards
  10 kobolds
  6 rats
71 creatures vanquished.

Vanquished Creatures (collateral kills)
  An iron imp (D:3)
  A giant cockroach (D:3)
  A bat (D:3)
3 creatures vanquished.

Vanquished Creatures (others)
  A hobgoblin zombie (D:3)
  An orc skeleton (D:3)
  3 orc zombies (D:3)
5 creatures vanquished.

Grand Total: 79 creatures vanquished

Notes
Turn   | Place    | Note
-------+----------+-------------------------------------------
     0 | D:1      | Gumption the Draconian Air Elementalist began the quest for
                  | the Orb.
     0 | D:1      | Reached XP level 1. HP: 14/14 MP: 3/3
   651 | D:1      | Reached XP level 2. HP: 20/20 MP: 5/5
  1038 | D:1      | Learned a level 2 spell: Swiftness
  1662 | D:2      | Found a shimmering altar of Xom.
  1667 | D:2      | Noticed an angel
  1670 | D:2      | Found an opulent altar of Gozag.
  1674 | D:2      | Reached XP level 3. HP: 26/26 MP: 6/6
  1677 | D:2      | Noticed Terence
  1688 | D:2      | Killed Terence
  1884 | D:2      | Found a glowing silver altar of Zin.
  1964 | D:2      | Noticed Robin
  2302 | D:2      | Reached XP level 4. HP: 26/33 MP: 2/7
  2528 | D:2      | Learned a level 4 spell: Airstrike
  2900 | D:2      | Reached skill level 4 in Air Magic
  2930 | D:2      | Found a blossoming altar of Fedhas.
  2973 | D:2      | Found an opulent altar of Gozag.
  2973 | D:2      | Found a bloodstained altar of Trog.
  3013 | D:2      | Found a faded altar of an unknown god.
  3015 | D:2      | Found a faded altar of an unknown god.
  3016 | D:2      | Found an ornate altar of the Wu Jian Council.
  3116 | D:2      | Became a worshipper of Yredelemnul the Dark
  3116 | D:2      | Reached * piety under Yredelemnul
  3119 | D:2      | Found an opulent altar of Gozag.
  3143 | D:2      | Found a blossoming altar of Fedhas.
  3287 | D:2      | Killed Robin
  3471 | D:2      | Found an opulent altar of Gozag.
  3478 | D:2      | Found a shimmering altar of Xom.
  3482 | D:2      | Found a glowing silver altar of Zin.
  4194 | D:3      | Found a shimmering altar of Xom.
  4473 | D:3      | Reached XP level 5. HP: 26/38 MP: 1/9
  4791 | D:3      | Reached ** piety under Yredelemnul
  4833 | D:3      | Found a burning altar of Makhleb.
  5860 | D:3      | HP: 1/38 [iron imp (8)]
  5864 | D:3      | Reached skill level 1 in Shields
  6564 | D:3      | Noticed Jessica
  6574 | D:3      | Killed Jessica
  6574 | D:3      | Reached XP level 6. HP: 45/45 MP: 3/10
  6654 | D:4      | Noticed Edmund
  6677 | D:3      | Slain by Edmund

Levels and vault maps discovered:
D:1:      dpeg_arrival_water_fire, layout_basic
D:2:      minmay_diamond_boxcup, layout_loops_ring,
          grunt_temple_overflow_order_and_chaos_1,
          chequers_temple_overflow_minitemple, overflow_temple_1_default,
          grunt_decor_cap, nicolae_gozag_seed_capital, uniq_robin, uniq_terence
D:3:      layout_basic, demons_altar, xom_teletrap_fun, uniq_jessica
D:4:      layout_basic, serial_shops, shop, first_ration,
          uniq_crazy_yiuf_cottage, uniq_edmund

Skill      XL: |  1  2  3  4  5 |
---------------+----------------+-----
Conjurations   | 2 3 |  3.6
Air Magic      | 4 |  4.6
Shields        | 1 |  1.4
Spellcasting   | 3 |  3.0
Dodging        | |  1.7
Stealth        | |  1.7

Action                   |  1- 3 |  4- 6 || total
-------------------------+-------+-------++-------
Melee: Dagger            |     8 |       ||     8
       Short sword       |    44 |   107 ||   151
       Tailslap          |     6 |     6 ||    12
Throw: Dart              |       |     4 ||     4
       Boomerang         |       |    80 ||    80
 Cast: Shock             |    54 |   110 ||   164
       Swiftness         |       |     2 ||     2
Invok: Animate Remains   |       |     5 ||     5
  Eat: Chunk             |     3 |     9 ||    12
       Ration            |     1 |     2 ||     3
Armor: Skin              |    22 |    45 ||    67
Dodge: Dodged            |    41 |    95 ||   136
Block: Buckler           |       |    14 ||    14
